 Dungeon Crawl Stone Soup version 0.26.1-11-gd32895ea62 (webtiles) character file.

Game seed: 5374026987644856181

53 tardwrangler69 the Poker (level 3, 0/29 HPs)
             Began as a Merfolk Gladiator on Apr 27, 2021.
             Slain by a leopard gecko (1 damage)
             ... on level 2 of the Dungeon.
             The game lasted 00:01:14 (1288 turns).

tardwrangler69 the Poker (Merfolk Gladiator)        Turns: 1288, Time: 00:01:14

Health: 0/29       AC:  5    Str: 15    XL:     3   Next: 89%
Magic:  3/3        EV: 14    Int:  7    God:
Gold:   70         SH:  0    Dex: 15    Spells: 2/2 levels left

rFire    . . .     SeeInvis .   a - +1 trident
rCold    . . .     Faith    .   (no shield)
rNeg     . . .     Spirit   .   b - +0 leather armour
rPois    .         Reflect  .   c - +0 helmet
rElec    .         Harm     .   (no cloak)
rCorr    .         Rampage  .   f - +0 pair of gloves
Will     .....                  (no boots)
Stlth    +.........             (no amulet)
HPRegen  0.09/turn              (no ring)
MPRegen  0.08/turn              (no ring)

@: slowed, very slow
A: change form in water, swift swim, stealthy swim
a: no special abilities


You were on level 2 of the Dungeon.
You visited 1 branch of the dungeon, and saw 2 of its levels.

You collected 70 gold pieces.

Inventory:

Hand Weapons
 a - a +1 trident (weapon)
Missiles
 d - 3 throwing nets (quivered)
Armour
 b - a +0 leather armour (worn)
 c - a +0 helmet (worn)
 f - a +0 pair of gloves (worn)
 j - a +0 ring mail of poison resistance
 n - a +1 chain mail of fire resistance
Scrolls
 h - 3 scrolls of remove curse
 k - a scroll of enchant weapon
Potions
 e - a potion of lignification {unknown}
 g - a potion of mutation {unknown}
 i - a potion of flight {unknown}
 m - 2 potions of brilliance {unknown}


   Skills:
 + Level 3.1 Fighting
 * Level 6.1 Polearms
 - Level 2.0 Throwing
 - Level 4.0 Dodging


You had 2 spell levels left.
You didn't know any spells.
Your spell library was empty.

Dungeon Overview and Level Annotations

Branches:
Dungeon (2/15)

Altars:

Annotations:
D:2 Natasha, Terence


Message History

* * * LOW HITPOINT WARNING * * *
Natasha closely misses you. The leopard gecko bites you.
* * * LOW HITPOINT WARNING * * *
You are too injured to fight recklessly!
You are too injured to fight recklessly!
You are too injured to fight recklessly!
You are too injured to fight recklessly!
You are too injured to fight recklessly!
The leopard gecko hisses menacingly.
The leopard gecko barely misses you. Natasha barely misses you.
The leopard gecko bites you.
* * * LOW HITPOINT WARNING * * *
The leopard gecko closely misses you. The leopard gecko closely misses you.
The leopard gecko bites you.
* * * LOW HITPOINT WARNING * * *
Natasha mumbles some strange words.
The leopard gecko bites you.
You die...

#..#
#...########
#..#
#...........
+..#
#...########
#..######..#
#....>.).>.#
########.#
#†# #.# #@#
#l# #h#
#######.###
......5rw.#
####.##.#.#
#.#.#.#.###
#.###......#
#.
#..).###...$


You could see a worm, Natasha, a crimson imp (summoned), a leopard gecko and a
rat.

Vanquished Creatures
  An iguana (D:2)
  A worm (D:2)
  A dart slug (D:1)
  2 leopard geckos
  3 giant cockroaches
  2 goblins
  3 hobgoblins
  A ball python (D:2)
  4 bats
  A kobold (D:1)
  2 rats (D:1)
21 creatures vanquished.

Notes
Turn   | Place    | Note
-------+----------+-------------------------------------------
     0 | D:1      | tardwrangler69 the Merfolk Gladiator began the quest for
                  | the Orb.
     0 | D:1      | Reached XP level 1. HP: 16/16 MP: 1/1
   173 | D:1      | Reached skill level 5 in Polearms
   173 | D:1      | Reached XP level 2. HP: 14/23 MP: 2/2
   909 | D:2      | Noticed Terence
   952 | D:2      | Reached XP level 3. HP: 6/29 MP: 3/3
  1235 | D:2      | Reached skill level 6 in Polearms
  1272 | D:2      | Noticed Natasha
  1283 | D:2      | HP: 1/29 [leopard gecko (1)]
  1288 | D:2      | Slain by a leopard gecko

Illustrated notes

Levels and vault maps discovered:
D:1:      dpeg_arrival_rooms_with_view, layout_basic
D:2:      layout_loops_ring, overflow_temple_1_default, lemuel_doored_altar,
          uniq_terence, uniq_natasha

Skill      XL: |  1  2  3 |
---------------+----------+-----
Polearms       | 5 6 |  6.1
Fighting       | 3 |  3.1
Throwing       | |  2.0
Dodging        | |  4.0

Action                   || total
-------------------------++-------
Melee: Trident           ||    79
  Use: Scroll            ||     4
 Stab: Distracted        ||     1
Armor: Leather armour    ||    21
Dodge: Dodged            ||    46
